Cogmind - Beta 14 @@@ ROGUE MODE // 2024.12.01 @ 00:01:31 Player: MarKhan Result: Destroyed by G-47 Trooper with Particle Gun Performance ------------- Evolutions (2) 1000 Regions Visited (7) 1400 Robots Destroyed (58) 290 Value Destroyed (1312) 1312 Prototype IDs (25) 500 Alien Tech Used (0) 0 Bonus (1101) 1101 TOTAL SCORE: 5603 Bonus ------- High Alert Combat Kills 41 Follower Combat Kills 60 Entered Garrisons 200 Used RIF Installer 500 Aligned with FarCom 300 Cogmind --------- Core Integrity 0/550 Matter 92/300 Energy 94/100 System Corruption 0% Temperature Cool (9) Movement Walking (400) Ox4 Location -8/Materials Parts ------- > --- POWER (1) -------- (None) > --- PROPULSION (3) --- Aluminum Leg > --- UTILITY (4) ------ Improved Heat Sink High-capacity Storage Unit Improved Signal Interpreter Hacking Suite > --- WEAPON (3) ------- AWS/Thermal > --- INVENTORY (20) --- Light Treads Improved Heat Sink Compact Matter Pod (150) Seismic Detector Weapon Shielding Hardened Heavy Armor Plating Tractor Beam Light Assault Rifle Peak State ------------ > --- POWER ------------ Cooled Ion Engine > --- PROPULSION ------- Carbon-fiber Leg Carbon-fiber Leg Carbon-fiber Leg > --- UTILITY ---------- Improved Heat Sink High-capacity Storage Unit Advanced Visual Processing Unit Hacking Suite > --- WEAPON ----------- Heavy Particle Gun Beamcaster Light Assault Rifle > --- INVENTORY -------- Light Treads Aluminum Leg Aluminum Leg Carbon-fiber Leg Improved Heat Sink Large Battery Compact Matter Pod Seismic Detector Weapon Shielding Hardened Heavy Armor Plating Tractor Beam Particle Gun Particle Gun Heavy Particle Gun AWS/Thermal Light Assault Rifle Grenade Launcher Grenade Launcher [Rating: 37] Favorites ----------- Power Cooled Ion Engine Engine Cooled Ion Engine Propulsion Light Treads Treads Light Treads Leg Aluminum Leg Utility High-capacity Storage Unit Device Seismic Detector Storage High-capacity Storage Unit Processor Advanced Visual Processing Unit Hackware Hacking Suite Protection Improved Medium Armor Plating Weapon Particle Gun Energy Gun Particle Gun Ballistic Gun Assault Rifle Launcher Grenade Launcher Build | -11 -10 -10 -10 -9 -8 -8 -8 ------- Run | Yrd Mat Min Exi Min Mat Gar Mat Slots Evolved 4 | . . . . . 4 . . Power . | . . . . . . . . Propulsion 1 | . . . . . 1 . . Utility 2 | . . . . . 2 . . Weapon 1 | . . . . . 1 . . Parts Attached 71 | 7 15 . . 1 9 22 17 Power 5 | 1 3 . . . . 1 . Engine 5 | 1 3 . . . . 1 . Core . | . . . . . . . . Reactor . | . . . . . . . . Propulsion 19 | 2 2 . . . 2 7 6 Treads 9 | 2 2 . . . 2 3 . Leg 10 | . . . . . . 4 6 Wheel . | . . . . . . . . Hover . | . . . . . . . . Flight . | . . . . . . . . Utility 23 | 2 7 . . . 4 9 1 Device 7 | 1 2 . . . 1 3 . Storage 4 | 1 3 . . . . . . Processor 2 | . . . . . 1 . 1 Hackware 1 | . . . . . . 1 . Protection 9 | . 2 . . . 2 5 . Artifact . | . . . . . . . . Weapon 24 | 2 3 . . 1 3 5 10 Energy Gun 15 | 1 3 . . 1 3 3 4 Energy Cannon . | . . . . . . . . Ballistic Gun 4 | 1 . . . . . 1 2 Ballistic Cannon . | . . . . . . . . Launcher 5 | . . . . . . 1 4 Special Weapon . | . . . . . . . . Impact Weapon . | . . . . . . . . Slashing Weapon . | . . . . . . . . Piercing Weapon . | . . . . . . . . Special Melee Weapon . | . . . . . . . . Unidentified Prototypes 2 | . 1 . . . 1 . . Parts Lost 25 | . . . . . 1 10 14 Power 2 | . . . . . . 1 1 Propulsion 10 | . . . . . . 5 5 Utility 5 | . . . . . 1 3 1 Weapon 8 | . . . . . . 1 7 Highest Loss Streak 10 | . . . . . 1 6 10 To Critical Strikes . | . . . . . . . . Average Slot Usage (%) 98 | . 100 100 100 100 94 98 94 Engine 11 | . 14 14 14 14 9 9 7 Treads 23 | . 28 28 28 28 27 16 . Leg 3 | . . . . . . 9 25 Device 10 | . 10 14 14 14 9 7 9 Storage 11 | . 14 14 14 14 9 9 9 Processor 3 | . . . . . 5 9 7 Protection 4 | . 3 . . . 9 8 . Energy Gun 25 | . 23 28 28 28 24 26 17 Ballistic Gun 1 | . 4 . . . . . 4 Peak Build Rating 37 | 7 13 13 14 17 33 35 37 Average Rating 20 | 5 11 13 13 14 27 33 31 On Entrance 16 | . 7 13 13 14 17 33 35 Naked Turns . | . . . . . . . . Heaviest Build 67 | 13 55 55 55 57 63 67 60 Greatest Support 60 | 40 40 40 40 40 60 60 45 Greatest Overweight (x) 6 | 3 1 1 1 1 1 6 1 Average Overweight (x) . | . . 1 1 1 . 1 1 Largest Inventory Capacity 20 | 8 20 20 20 20 20 20 20 Average Capacity 18 | 7 16 20 20 20 20 20 20 Most Carried 20 | 3 15 15 17 19 20 20 20 Average Carried 15 | 2 12 15 16 17 19 18 17 Final Capacity 20 | 8 20 20 20 20 20 20 20 Final Carried 20 | 3 15 15 17 19 20 19 9 Class Distribution -------------------- 61% | Mutant 26% | Skirmisher 12% | Scavenger-Skirmisher Dominant Class ---------------- Mutant | -10/Materials Mutant | -10/Mines Mutant | -10/Exiles Mutant | -9/Mines Skirmisher | -8/Materials Skirmisher | -8/Garrison Scavenger-Skirmisher | -8/Materials Resources | -11 -10 -10 -10 -9 -8 -8 -8 ----------- Run | Yrd Mat Min Exi Min Mat Gar Mat Matter Collected 1212 | 282 448 . . 10 235 213 24 Remotely 10 | . . . . . . 10 . Salvage Created 2268 | 105 730 9 . 176 337 642 269 Parts 112 | 5 35 3 . 7 13 33 16 Haulers Intercepted 3 | . 2 . . . . . 1 Recyclers Shooed 4 | . 4 . . . . . . Parts Field Recycled . | . . . . . . . . Retrieved Matter . | . . . . . . . . Parts Self-Destructed . | . . . . . . . . Prevented . | . . . . . . . . Kills | -11 -10 -10 -10 -9 -8 -8 -8 ------- Run | Yrd Mat Min Exi Min Mat Gar Mat Combat Hostiles Destroyed 33 | . 6 . . . 3 20 4 Melee 1 | . . . . . . 1 . Guns 28 | . 6 . . . 3 16 3 AOE 3 | . . . . . . 2 1 Classes Destroyed 12 | 2 4 1 . . 2 3 . Worker 4 | . 3 . . 1 . . . Builder 3 | . . 1 . . . . 2 Tunneler 1 | 1 . . . . . . . Hauler 3 | . 2 . . . . . 1 Recycler 9 | 1 3 . . 2 2 . 1 Operator 1 | . . . . . 1 . . Watcher 4 | . 3 . . . . . 1 Swarmer 9 | . . . . . . 7 2 Cutter 3 | . . . . . . 3 . Grunt 17 | . 6 . . . 2 8 1 Sentry 2 | . . . . . 1 . 1 Hunter 2 | . . . . . . 2 . Best Kill Streak 6 | 2 3 1 . 2 5 5 6 Combat Bots Only 5 | . 2 . . . 3 5 3 Max Kills in Single Turn 2 | 1 1 1 . 1 2 2 2 Gunslinging 1 | . . . . . 1 . . Exploded 2 | . . . . . . 2 1 Melee 1 | . . . . . . 1 . Uniques/NPCs Destroyed . | . . . . . . . . Combat | -11 -10 -10 -10 -9 -8 -8 -8 -------- Run | Yrd Mat Min Exi Min Mat Gar Mat Hostile Shots Fired 305 | . 45 . . . 36 130 94 Missed 77 | . 13 . . . 7 34 23 Damage Taken 3622 | . 445 . . . 446 1075 1656 Core 599 | . 47 . . . 62 103 387 Absorbed by Shields 188 | . . . . . . 188 . Redirected to Shielding 55 | . 12 . . . 31 12 . Regen/Repaired (Parts) 103 | . 103 . . . . . . Core Remaining (%) 90 | 100 . . . 81 . . . Volleys Fired 181 | 4 56 2 . 4 13 76 26 Largest 3 | 2 2 2 . 2 3 3 3 Hottest 185 | 70 130 130 . 130 185 185 160 Shots Fired 404 | 8 112 4 . 8 33 174 65 Gun 390 | 8 112 4 . 8 33 172 53 Cannon . | . . . . . . . . Launcher 14 | . . . . . . 2 12 Special . | . . . . . . . . Kinetic 52 | 4 28 . . . . 11 9 Thermal 338 | 4 84 4 . 8 33 161 44 Explosive 14 | . . . . . . 2 12 Electromagnetic . | . . . . . . . . Robot Hit Streak 22 | 7 9 3 . 3 8 22 5 Robot Miss Streak 8 | . 5 1 . 2 2 8 4 Penetration Max . | . . . . . . . . Secondary Targets 5 | . . . . . 1 3 1 Max Gunslinging Chain 1 | . . . . . 1 1 1 Autonomous 9 | . . . . . . . 9 Shots Hit Robots 216 | 7 69 2 . 4 22 82 30 Core Hits 104 | 3 27 1 . 3 9 35 26 Critical Kills . | . . . . . . . . Critical Parts Destroyed 1 | . . . . . . 1 . Critical Strikes 10 | . 6 . . . . 4 . Burn 9 | . 6 . . . . 3 . Destroy 1 | . . . . . . 1 . Melee Attacks . | . . . . . . . . Impact . | . . . . . . . . Slashing . | . . . . . . . . Piercing . | . . . . . . . . Sneak Attacks . | . . . . . . . . Combat Hostiles . | . . . . . . . . Follow-up Attacks . | . . . . . . . . Damage Inflicted 4683 | 92 1018 34 . 62 485 1769 1223 Guns 3893 | 92 1018 34 . 62 485 1589 613 Cannons . | . . . . . . . . Explosions 787 | . . . . . . 177 610 Melee . | . . . . . . . . Ramming 3 | . . . . . . 3 . Kinetic 383 | 41 230 . . . . 52 60 Thermal 3510 | 51 788 34 . 62 485 1537 553 Explosive 787 | . . . . . . 177 610 Electromagnetic . | . . . . . . . . Impact . | . . . . . . . . Slashing . | . . . . . . . . Piercing . | . . . . . . . . Highest Corruption . | . . . . . . . . Average Corruption . | . . . . . . . . Corruption Purged . | . . . . . . . . Corruption Blocked . | . . . . . . . . Overload Shots . | . . . . . . . . Overflow Damage 24 | . . . . . . 19 5 Projectiles . | . . . . . . . . Explosions 24 | . . . . . . 19 5 Melee . | . . . . . . . . Knockbacks . | . . . . . . . . Impact . | . . . . . . . . Kinetic . | . . . . . . . . Secondary . | . . . . . . . . Self-Inflicted Damage 62 | . . . . . . . 62 Shots 2 | . . . . . . . 2 Rammed 2 | . . . . . . 2 . Targets Rammed 3 | . . . . . . 3 . Kicked . | . . . . . . . . Crushed 1 | . . . . . . 1 . Highest Temperature 339 | 36 339 54 . 54 267 323 141 Average Temperature 91 | 19 97 29 . 29 104 105 38 Received Heat Transfer 1383 | . 282 . . . 270 405 426 Effects 11 | . 5 . . . 1 5 . Energy Bleed 3 | . . . . . 1 2 . Interference 7 | . 4 . . . . 3 . Matter Decay 1 | . 1 . . . . . . Siege Activations . | . . . . . . . . Robots Corrupted . | . . . . . . . . Combat Hostiles . | . . . . . . . . Parts Fried . | . . . . . . . . Impact Corruptions . | . . . . . . . . Robots Melted 1 | . . . . . . 1 . Combat Hostiles 1 | . . . . . . 1 . Parts Melted 8 | . 6 . . . . 2 . Heat Transferred 7842 | 148 2479 74 . 148 888 3106 999 Parts Sabotaged . | . . . . . . . . Parts Stolen . | . . . . . . . . Parts Stripped . | . . . . . . . . Power Chain Reactions . | . . . . . . . . Alert | -11 -10 -10 -10 -9 -8 -8 -8 ------- Run | Yrd Mat Min Exi Min Mat Gar Mat Peak Influence 581 | 10 157 28 . 86 86 581 412 Initial 282 | . 6 23 . . 33 9 282 Average 147 | 4 58 24 . 19 41 313 331 Maximum Alert Level 2 | . . . . . . 2 2 Low Security (%) 73 | 100 100 100 . 100 100 33 . Level 1 11 | . . . . . . 22 94 Level 2 14 | . . . . . . 43 5 Level 3 . | . . . . . . . . Level 4 . | . . . . . . . . Level 5 . | . . . . . . . . High Security . | . . . . . . . . Max Security . | . . . . . . . . Squads Dispatched 1 | . . . . . . . 1 Investigation . | . . . . . . . . Extermination . | . . . . . . . . Reinforcement 1 | . . . . . . . 1 Assault . | . . . . . . . . Garrison . | . . . . . . . . Intercept . | . . . . . . . . Searches Triggered . | . . . . . . . . Construction Impeded . | . . . . . . . . Haulers Reinforced . | . . . . . . . . Active Scanning Responses . | . . . . . . . . Cargo Convoy Interrupts . | . . . . . . . . Stealth | -11 -10 -10 -10 -9 -8 -8 -8 --------- Run | Yrd Mat Min Exi Min Mat Gar Mat Distress Signals 8 | . 1 . . . 3 1 3 Communications Jammed . | . . . . . . . . Distress Signals . | . . . . . . . . Times Spotted 65 | . 17 . . 2 8 25 13 Peak Tracking Total 6 | . 4 . . 2 4 6 6 Tactical Retreats 3 | . . . . . . 2 1 Traps | -11 -10 -10 -10 -9 -8 -8 -8 ------- Run | Yrd Mat Min Exi Min Mat Gar Mat Traps Triggered 3 | . 1 . . . . 2 . Indirectly . | . . . . . . . . Trap Hack Attempts . | . . . . . . . . Triggered . | . . . . . . . . Disarmed . | . . . . . . . . Reprogrammed . | . . . . . . . . Reused . | . . . . . . . . Traps Extracted . | . . . . . . . . Installed . | . . . . . . . . Triggered . | . . . . . . . . Machines | -11 -10 -10 -10 -9 -8 -8 -8 ---------- Run | Yrd Mat Min Exi Min Mat Gar Mat Machines Disabled 3 | . . . . 1 1 1 . Max in Single Turn 1 | . . . . . 1 1 . Machines Repaired . | . . . . . . . . Machines Dismantled . | . . . . . . . . Machines Sabotaged . | . . . . . . . . Overloaded Fab Kills . | . . . . . . . . Hacking | -11 -10 -10 -10 -9 -8 -8 -8 --------- Run | Yrd Mat Min Exi Min Mat Gar Mat Machines Accessed 17 | . 8 . 2 . 4 3 . Terminals 9 | . 5 . . . 1 3 . Fabricators . | . . . . . . . . Repair Stations 1 | . 1 . . . . . . Recycling Units 3 | . 2 . . . 1 . . Scanalyzers 1 | . . . . . 1 . . Garrison Access 1 | . . . . . 1 . . Total Hacks 44 | . 23 . 2 . 12 7 . Successful 26 | . 13 . 2 . 10 1 . Failed 18 | . 10 . . . 2 6 . Catastrophic 2 | . . . . . . 2 . Database Lockouts . | . . . . . . . . Manual 21 | . 16 . 1 . 3 1 . Terminals 26 | . 16 . . . 3 7 . Fabricators . | . . . . . . . . Repair Stations 3 | . 3 . . . . . . Recycling Units 5 | . 4 . . . 1 . . Scanalyzers 7 | . . . . . 7 . . Garrison Access 1 | . . . . . 1 . . Terminal Hacks 3 | . . . 2 . . 1 . Record 1 | . . . 1 . . . . Garrison Registry 1 | . . . . . . 1 . Derelict Proto ID Bank 1 | . . . 1 . . . . Fabricator Hacks . | . . . . . . . . Repair Station Hacks 2 | . 2 . . . . . . Scan Component 1 | . 1 . . . . . . Repair 1 | . 1 . . . . . . Recycling Unit Hacks 2 | . 1 . . . 1 . . Retrieve Components 2 | . 1 . . . 1 . . Scanalyzer 6 | . . . . . 6 . . Insert Component 3 | . . . . . 3 . . Analyze 3 | . . . . . 3 . . Garrison Access Hacks 1 | . . . . . 1 . . Unlock Access 1 | . . . . . 1 . . Unauthorized Hacks 12 | . 10 . . . 2 . . Terminals 12 | . 10 . . . 2 . . Track 1 | . 1 . . . . . . Assimilate 1 | . 1 . . . . . . Botnet 3 | . 2 . . . 1 . . Operators 1 | . 1 . . . . . . Skim 6 | . 5 . . . 1 . . Fabricators . | . . . . . . . . Repair Stations . | . . . . . . . . Recycling Units . | . . . . . . . . Scanalyzers . | . . . . . . . . Garrison Access . | . . . . . . . . Data Cores Recovered . | . . . . . . . . Used . | . . . . . . . . Hacking Detections 13 | . 8 . . . 2 3 . Full Trace Events 1 | . 1 . . . . . . Feedback Events . | . . . . . . . . Feedback Blocked . | . . . . . . . . Robot Schematics Acquired . | . . . . . . . . Robots Built . | . . . . . . . . Authchips . | . . . . . . . . Time . | . . . . . . . . Total Robot Build Rating . | . . . . . . . . Part Schematics Acquired 3 | . . . . . 3 . . Parts Built . | . . . . . . . . Authchips . | . . . . . . . . Time . | . . . . . . . . Total Part Build Rating . | . . . . . . . . Parts Repaired 1 | . 1 . . . . . . Time 26 | . 26 . . . . . . Parts Recycled . | . . . . . . . . Recycled Matter . | . . . . . . . . Retrieved Matter . | . . . . . . . . Retrieved Components 8 | . 5 . . . 3 . . Parts Scanalyzed 3 | . . . . . 3 . . Part Schematics Acquired 3 | . . . . . 3 . . Parts Damaged . | . . . . . . . . Bothacking | -11 -10 -10 -10 -9 -8 -8 -8 ------------ Run | Yrd Mat Min Exi Min Mat Gar Mat Used RIF Installer 1 | . . . . . . 1 . Robots Hacked . | . . . . . . . . Non-combat . | . . . . . . . . Combat . | . . . . . . . . Robot Hacks Applied . | . . . . . . . . Relay Couplers Released . | . . . . . . . . Fabnet Peak Effective % . | . . . . . . . . Robots Rewired . | . . . . . . . . Allies Hacked . | . . . . . . . . Hacks Repelled . | . . . . . . . . Allies | -11 -10 -10 -10 -9 -8 -8 -8 -------- Run | Yrd Mat Min Exi Min Mat Gar Mat Total Allies 3 | . 1 . . 2 . . . Largest Group 3 | . 1 1 1 3 3 1 . Highest-Rated Group 47 | . 10 10 10 47 47 10 . Highest-Rated Ally 31 | . 10 10 10 31 31 10 . Total Orders 4 | . . . . 2 2 . . STAY 2 | . . . . 1 1 . . FOLLOW 2 | . . . . 1 1 . . Ally Attacks 9 | . . . . 7 2 . . Total Damage 82 | . . . . 61 21 . . Kills 2 | . . . . 2 . . . Allies Corrupted . | . . . . . . . . Allies Melted . | . . . . . . . . Intel | -11 -10 -10 -10 -9 -8 -8 -8 ------- Run | Yrd Mat Min Exi Min Mat Gar Mat Robot Analysis Total . | . . . . . . . . Derelict Logs Recovered 1 | . . 1 . . . . . Drone Launches . | . . . . . . . . Drone Recoveries . | . . . . . . . . Exploration | -11 -10 -10 -10 -9 -8 -8 -8 ------------- Run | Yrd Mat Min Exi Min Mat Gar Mat Turns Passed 4716 | 87 1400 271 560 386 435 1405 172 Spaces Moved 1900 | 45 656 111 233 142 181 491 41 Core 15 | 15 . . . . . . . Treads 1621 | 30 656 111 233 142 181 268 . Legs 264 | . . . . . . 223 41 Wheels . | . . . . . . . . Hover . | . . . . . . . . Flight . | . . . . . . . . Fastest Speed 50 | 50 160 240 240 240 160 160 190 Average Speed 208 | 138 175 240 240 240 208 228 190 Slowest Speed 540 | 200 240 240 240 240 240 540 190 Overloaded Moves . | . . . . . . . . Propulsion Burnouts . | . . . . . . . . Robots Hopped . | . . . . . . . . Cave-ins Triggered . | . . . . . . . . Exploration Rate (%) 37 | 4 84 31 61 34 27 51 8 Regions Visited 7 Branch Regions 3 Pre-discovered Areas 2 | . 1 . 1 . . . . Known Exits Taken 4 | . 1 1 1 . 1 . . Unknown Exits Taken 2 | 1 . . . 1 . . . Scrap Searched 1 | . . 1 . . . . . Spaces Dug . | . . . . . . . . Terrain Destroyed 49 | . . . . . . 7 42 Melee . | . . . . . . . . Projectile . | . . . . . . . . AOE 49 | . . . . . . 7 42 Terrain Rammed . | . . . . . . . . Walls Destroyed . | . . . . . . . . Machines Disabled . | . . . . . . . . Actions | -11 -10 -10 -10 -9 -8 -8 -8 --------- Run | Yrd Mat Min Exi Min Mat Gar Mat Total 2318 | 59 799 113 235 180 214 630 88 Wait 89 | . 30 1 . 33 1 24 . Move 1894 | 44 655 110 232 141 181 490 41 Hop . | . . . . . . . . Pick Up 44 | 4 25 . 2 1 5 7 . Fast Attach 18 | 6 2 . . . 2 6 2 Attach 20 | 1 . . . . 3 8 8 Detach 2 | . 1 . . . . 1 . Swap 33 | . 13 . . 1 4 8 7 Drop 30 | . 17 . 1 . 5 3 4 Fire 181 | 4 56 2 . 4 13 76 26 Melee . | . . . . . . . . Ram . | . . . . . . . . Kick . | . . . . . . . . Crush 3 | . . . . . . 3 . Escape Stasis 4 | . . . . . . 4 . Rewire . | . . . . . . . . Trap . | . . . . . . . . Miscellaneous . | . . . . . . . . Route ------- -11/Scrapyard -10/Materials (discovered 6 exits: [*Mat x3] / *Min x2 / Sub) -10/Mines -10/Exiles (discovered 2 exits: *Min x2) -9/Mines -8/Materials (discovered 3 exits: Fac x2 / Gar) -8/Garrison (discovered 3 exits: [*Mat x3]) -8/Materials History --------- Turn | Location | Event 21 | -11/Scrapyard | Discovered new exit (range 15) 88 | -11/Scrapyard | Entered Materials 312 | -10/Materials | Build established: Mutant 346 | -10/Materials | Discovered new exit (range 6) 502 | -10/Materials | Discovered new exit (range 11) 1072 | -10/Materials | Discovered new exit (range 5) 1174 | -10/Materials | Identified exit to Mines 1227 | -10/Materials | Learned location of 2 exits from Subcaves 1268 | -10/Materials | Identified exit to Subcaves 1268 | -10/Materials | Learned location of 2 exits from Materials 1297 | -10/Materials | Learned Storage stockpile data 1324 | -10/Materials | Learned Storage stockpile data 1335 | -10/Materials | Learned location of Subcaves (-10) 1389 | -10/Materials | Learned location of 2 exits from Subcaves 1399 | -10/Materials | Repaired Lgt. Treads 1432 | -10/Materials | Learned location of 2 exits from Subcaves 1488 | -10/Materials | Entered Mines 1488 | -10/Mines | Accompanied by 1 ally 1628 | -10/Mines | Identified exit to Exiles 1747 | -10/Mines | Deemed a non-threat by the Exiles lab entrance 1759 | -10/Mines | Entered Exiles 1759 | -10/Exiles | Accompanied by 1 ally 1760 | -10/Exiles | Identified exit to Mines 1819 | -10/Exiles | Met 8R-AWN 1858 | -10/Exiles | Met EX-HEX 1925 | -10/Exiles | Met EX-BIN 1951 | -10/Exiles | Aligned with FarCom system 1954 | -10/Exiles | Given EX-Vault access code 2009 | -10/Exiles | Opened EX-Vault 2024 | -10/Exiles | Found AWS/Thermal 2098 | -10/Exiles | Warned to stay clear of 0b10 Research branches 2165 | -10/Exiles | Met EX-DEC 2184 | -10/Exiles | Learned location of Zion (-6) 2319 | -10/Exiles | Left Exiles lab with AWS/Thermal 2319 | -10/Exiles | Entered Mines 2319 | -9/Mines | Accompanied by 1 ally 2338 | -9/Mines | Met a Derelict bent on vengeance 2660 | -9/Mines | Discovered new exit (range 10) 2705 | -9/Mines | Entered Materials 2705 | -8/Materials | Accompanied by 3 allies 2705 | -8/Materials | Evolved 4 slots: Propulsion x1, Utility x2, Weapon x1 2706 | -8/Materials | Identified exit to Factory 2710 | -8/Materials | Led the pair of lost Derelicts to an unsafe place 3126 | -8/Materials | Build established: Skirmisher 3140 | -8/Materials | Identified exit to Garrison 3140 | -8/Materials | Entered Garrison 3140 | -8/Garrison | Accompanied by 1 ally 3592 | -8/Garrison | Triggered checkpoint 3664 | -8/Garrison | Triggered checkpoint 3851 | -8/Garrison | Triggered checkpoint 3946 | -8/Garrison | Triggered checkpoint 4052 | -8/Garrison | Lost 6 parts (1p3n2u) 4248 | -8/Garrison | Discovered new exit (range 56) 4248 | -8/Garrison | Discovered new exit (range 33) 4248 | -8/Garrison | Discovered new exit (range 19) 4325 | -8/Garrison | Build established: Scavenger-Skirmisher 4486 | -8/Garrison | Installed Relay Interface Framework 4545 | -8/Garrison | Entered Materials 4650 | -8/Materials | Core integrity fell below 50% 4677 | -8/Materials | Core integrity fell below 20% 4678 | -8/Materials | Lost 4 parts (1u3w) 4717 | -8/Materials | Destroyed by G-47 Trooper with Particle Gun Last Messages --------------- 04705_ K-01 Serf collects debris. 04705_ Penetrated by Slug. 04708_ The unstable cave ceiling collapses. 04709_ Critical hit (Burn: +37). 04709_ Dropped Lrg. Battery. 04709_ K-01 Serf collects debris. 04710_ Extracted 66 energy. 04711_ Extracted 6 energy. 04711_ G-50 Soldier destroyed. 04712_ K-01 Serf collects debris. 04713_ Extracted 6 energy. 04713_ K-01 Serf collects debris. 04713_ R-06 Scavenger collects Aluminum Leg. 04715_ Extracted 6 energy. 04715_ Carbon-fiber Leg destroyed. 04715_ Penetrated by Slug. 04715_ Aluminum Leg destroyed. 04715_ Knocked back. 04716_ R-06 Scavenger destroyed. 04716_ Particle Gun destroyed. Map ----- +----------------------------------------------------+ | | | | | | | | | | | | | ?????????????????????????????????????? | | ?????????????????????????????????????? | | ?????????????????????????????????????? | | ?????????????????????????????????????? | | ?????????????????????????????????????? | | ?????????????????????????????????????? | | ?????????????????????????????????????? | | ????????????????????###########??????? | | ????????????????????# #??????? | | ????????????????????# #??????? | | ????????????######### +??????? | | ????????????# # #??????? | | ????????????# + #??????? | | ????????????# # +??????? | | ????????##?###### # ! #??????? | | ????????# ## #### # #??????? | | ??????### ## w###########??????? | | ??????#;;;;;;;;;# #????????????????? | | ??????#; # #????????????????? | | ??????#; @ ; #????????????????? | | ??????#; ! ; #????????????????? | | ??????#; % ; #????????????????? | | ?????#;; ; #????????????????? | | ?????#; ; #????????????????? | | ?????##; %[g a##???????????????? | | ??????#; ; #???????????????? | | ??????## g g %[ ??????????????? | | ???????####/## !! #????????????? | | ?????????# k *%= # ## #???? | | ?????????# # "= % #???? | | ?????????# # T ! #???? | | ?????????+ ## H #???? | | ???????? # ?## # ## ? | | ??????" ?# ???####### # ###### | | ??????"??# ?????????? #????? | | ?????????# ??????????? # #????? | | ?????????# ???????????? ##? #????? | | ?????????# ????????????? #??? ????? | | ????????????????????????? #?????????? | | ????????????????????????? #?????????? | | ?????????????????????????? #?????????? | | ???????????????????????????#?????????? | | ?????????????????????????????????????? | | ?????????????????????????????????????? | +----------------------------------------------------+ Best States ------------- Heat Dissipation 59 Energy Generation 14 Energy Capacity 280 Matter Stores 300 Matter Capacity 300 Sight Range 20 Terrain Scan Density 10 Armor Coverage 225 Propulsion Shielding 66 Weapon Shielding 33 Evasion (%) 50 Recoil Reduction 3 Offensive Hacking 10 Item Schematics ----------------- Cld. Ion Engine | -8/Materials | Scanalyzed Grenade Launcher | -8/Materials | Scanalyzed Lrg. Battery | -8/Materials | Scanalyzed Robot Schematics ------------------ None Fabricated ------------ Nothing Alien Tech Used ----------------- None Achievements -------------- None Challenges ------------ None Game ------ Seed DamperHeavyBallwheel Manual? 0 Play Time 00:37:32 Cumulative 164.4 hours Start 2024.11.30 @ 16:18:41 End 2024.12.01 @ 00:01:31 Sessions 3 Manual Loads 0 Difficulty Rogue Special Mode None Game No. 176 Rogue 176 Adventurer 0 Explorer 0 Win Type - Total 3 Types 3/0/0/0/0/0/0/0/0 Lore% 63 Gallery% 59 Achievement% 57 Wizard Run 0 Options --------- Layout 1 ASCII 0 Keyboard 1 Movement Arrows Keybinds 0 Fullscreen 0 Font 20/Smallcaps Map View 50x35 Zoom Use 0% Tactical HUD 1 Map Filters NONE Filters NONE Steam 1 RUN: 9e7d47c3-b14e-4fc6-bbd2-48c460981f47